[Event "44th Chess Olympiad Open 2022"]
[Site "Chennai"]
[Date "2022.07.31"]
[Round "3.8"]
[White "Shevchenko, Kirill"]
[Black "Quesada Perez, Luis Ernesto"]
[Result "1-0"]
[WhiteElo "2654"]
[BlackElo "2549"]
[Annotator "TA"]
[PlyCount "213"]
[EventDate "2022.??.??"]
[TimeControl "60"]

1. c4 c6 2. Nf3 d5 3. e3 Nf6 4. Nc3 Nbd7 5. d4 e6 6. Be2 Bd6 7. O-O O-O 8. b3 b6 9. Bb2 Bb7 10. Qc2 Qe7 11.
Rad1 Rad8 12. Rfe1 Rfe8 13. Bf1 c5 14. cxd5 exd5 15. Ne2 Rc8 16.
dxc5 Nxc5 17. Qb1 Nce4 (17... Ng4 $5 18. Ned4 Ne4 $11) 18. Ned4 Bb4 (18... Ng4 $1 $15 19. Bb5 (19. Nf5 Qc7 $15
) 19... g6 $1) 19. Re2 $1 $11 g6 20. h3 Nc3 21. Bxc3 Bxc3 22. Nb5 Ne4 23. Nxa7 Rc5 24. Rc2 Bg7 25. Nb5 Bh6 26. Re1 Rec8 27. Nbd4 Qf6 28. Bd3 Rxc2 29. Bxc2 Bf8 (29... Nc3
$14 30. Qb2 Ne4) 30. Bd3 $16 Bd6 31. Nb5 Bb8 32. Qa1 Qe7 33. Rc1 Rc5 34. a3 Ba6 35. b4 Rxc1+ 36. Qxc1 Qf6 {[%emt 0:00:10] [#]} 37. Bf1 (37. Nbd4
$142 $1 Bxd3 38. Qc8+ Kg7 39. Qxb8) 37... h5 (37... Bxb5 $16
38. Bxb5 Bd6) 38. Nbd4 $18 Bb7 39. Bb5 Be5 (39... Qd8 $142 40. Bc6 Bxc6) 40. Bc6 (40. Nxe5 $18 {and White stays clearly on top.} Qxe5 41. a4)
40... Bxd4 41. Bxb7 Bb2 42.
Qc8+ Kg7 43. a4 (43. Bxd5
$142 Nc3 44. Bc4) 43... Ba3 (43... Qd6 $16 {was necessary.})
44. Bxd5 $18 Qa1+ (44... Nc3 $142) 45. Kh2
$18 Nxf2 {[%emt 0:00:47] [#]} 46. Qc4 $2 (46.
Bxf7 $1 $18 {Black must now prevent Qg8+.} Qf6 47. Qg8+ Kh6 48. Qf8+ Qg7 49.
Qe7) 46... Nd1 $16 47. Qf1 (47. Bxf7 $6 Nxe3
48. Qf4 (48. Qe6 Nf1+ 49. Kh1 Ng3+ 50. Kh2 Nf1+ 51. Kh1 Ng3+ 52. Kh2 Nf1+ $11)
48... Nf1+ 49. Kh1 Ng3+ 50. Kh2 Nf1+ 51. Kh1 Ng3+ 52. Kh2 Nf1+ $11) 47... Qc1 48. Ng5 $1 (48. Ne5 $6 Qc7 49. Qxf7+ Qxf7 50.
Bxf7 Nxe3 $11) 48... Qc7+ 49. Kh1 $1 Nc3 $2 (49... Nxe3 $16 {was worth a try.} 50. Qa1+ Kf8) 50. Bxf7 $18 Qe5 51. Bb3 Bxb4 $2 (51... Qxg5 52. Qf7+ Kh6 53. Qf8+ Kh7 54. Qg8+ Kh6 55. Qh8#) (51... Ne2
52. Qf7+ (52. Qxe2 Qxg5 53. Qd3 Bb2 $16) 52... Kh6) 52. Qf7+ Kh6 53. h4 $1 Qg7 54. Qc4 (54. Qf4 Ne2 55. Nf7+ (55. Qxb4 Qa1+) 55... Kh7 56. Ng5+ (56.
Qxb4 Qa1+) 56... Kh6 57. Nf7+ (57. Qxb4 Qa1+) 57... Kh7 58. Ng5+ (58. Qxb4 Qa1+
) 58... Kh6 $14) 54... Be7 55. Nf7+ Kh7 56. Ng5+ Kh6 $1 57. g3 Qf6 $2 (57... Bc5 58. a5 Qf6) 58. Kg2 $18 Qg7 59. Qc7 Qf6 60. Qc8 Bf8 61. Qc4 Qg7 62. Ne6 Qb7+ 63. Kg1 Bg7 64. Nd8 Qe7 65. Nf7+ Kh7 66. Ng5+ Kh6 67. Qd3 Qf6 (67... Qe8
$142 68. Ne6 (68. Bf7 Qc6 $16) 68... Nxa4) 68. Nf7+ $2 (68.
Kg2 $18) 68... Kh7 $16 69. Ng5+ $2 (69. Qc2
$16) 69... Kh6 $18 70. Kg2 Qc6+ (70... Qe7 $142 71. Bg8 (71. Bc2 Qe8 $18) 71... Be5) 71. Kh2 $2 (71. e4 $18) 71... Qf6 $2 ({Black should play} 71...
Nxa4 $14 72. Qf1 Nb2) 72. Kg1 $1 $18 Qe7 73.
Bg8 Be5 74. Kg2 $1 Nxa4 {
[%emt 0:00:24] [#]} 75. Bf7 (75. Ba2 $1 $18 {is the precise
move to win.} Nc3 76. Bb3) 75... Qd6 $2 (75... Qf6 $16) 76.
Qxd6 $18 Bxd6 {[%emt 0:00:01] [#]} 77. Be8 $1 Bc5 78. Bxa4 Bxe3 79. Nf7+ Kg7 80. Nd6 Bc1 81. Be8 Kf6 82. Nc4 Kg7 83. Ne5 (83. Nxb6 $142 Kf6 84. Kf3) 83... g5 84. Nd3 Bd2 85. hxg5 Bxg5 86. Bxh5 Be7 87. Be8 Kf6 88. Kf3 Bd6 89. Ba4 b5 90. Bxb5 Kg5 91. Bc6 Bb8 92. Nf2 Bc7 93. Bd7 Bxg3 94. Kxg3 Kh5 95. Kf4 Kg6 96. Ng4 Kg7 97. Bf5 Kf7 98. Ke5 Kg7 99. Ke6 Kg8 100. Kf6 Kh8 101. Ne5 Kg8 102. Nf7 Kf8 103. Bh7 Ke8 104. Ne5 Kd8 105. Ke6 Kc7 106. Nd7 Kc6 107. Bd3 1-0

[Event "44th Chess Olympiad Open 2022"]
[Site "Chennai"]
[Date "2022.07.31"]
[Round "3.8"]
[White "Albornoz Cabrera, Carlos Daniel"]
[Black "Volokitin, Andrei"]
[Result "1/2-1/2"]
[WhiteElo "2566"]
[BlackElo "2674"]
[Annotator "TA"]
[PlyCount "62"]
[EventDate "2022.??.??"]
[TimeControl "60"]

1. e4 c5 2. Nf3 d6 3. d4 cxd4 4. Nxd4 Nf6 5.
Nc3 a6 6. Bg5 e6 7. f4 Qb6 8. Qd2 Qxb2 9. Rb1 Qa3 10. f5 $1 {
[%emt 0:00:05] outshines the older 10.e5.} Nc6 11. fxe6 {
[%emt 0:00:22] B97: Sicilian Najdorf: Poisoned Pawn.} Bxe6 12.
Rxb7 Nxd4 13. Qxd4 {[%emt 0:00:05] Strongly
threatening Nd5. White has an edge.} Be7 $1 14. Bc4 {[%emt 0:
00:19] [#] Hoping for 0-0.} Rc8 15. Nd5 Bxd5 16. Bxd5 Nxd5 17. Qxg7 Rf8 {[%emt 0:08:55][%cal Ye7f6] [#] And now ...Bf6! would win.}
18. exd5 Bxg5 19. Qxg5 Qc3+ 20. Kf2 Qxc2+ 21. Kg3 Qe4 {[%emt 0:02:21] Inhibits Qe7+. ( -> ...Rc3+)} 22. Rf1 {[%emt 0:03:24] Kh3
is the strong threat.} ({Not} 22. Rc1 $2 Rxc1 23. Rb3 (23. Rb8+ $2 Kd7 $19)
23... Rc2 $19) 22... h6 $1 23. Qg7 {[%emt 0:00:00] White
wants to play h4.} Rc3+ $1 24. Rf3 {[%emt 0:00:00] Dancing on
a razor blade.} Rxf3+ 25. gxf3 {[%emt 0:00:05] [#]} Qg6+ $146 ({Predecessor:} 25... Qe1+ 26. Kh3 Qf1+ 27. Kh4 Qf2+ 28. Qg3
Qd2 29. f4 Kd8 30. a3 Re8 31. Rxf7 Qxd5 32. Qg7 Qe6 33. f5 Qe3 34. Kh5 Qf3+ 35.
Kg6 Kc8 36. Rf8 {1-0 (36) Epiney,F (2273)-Koteski,L (2116) IECG email 2003})
26. Qxg6 fxg6 $11 {[%emt 0:00:02] KR-KR} 27. Rb6 (27. Rg7 $5 ) 27... Ke7 {[%emt 0:00:19] The position is
equal.} 28. Rxa6 Rf5 29. Ra5 Rg5+ 30. Kf4 Rh5 31. Kg3 Rg5+ {[%emt 0:00:08] An even fight not without its subleties.
Weighted Error Value: White=0.02 (flawless) /Black=0.00 (flawless)} 1/2-1/2

[Event "44th Chess Olympiad Open 2022"]
[Site "Chennai"]
[Date "2022.07.31"]
[Round "3.8"]
[White "Ortiz Suarez, Isan Reynaldo"]
[Black "Onyshchuk, Volodymyr"]
[Result "1/2-1/2"]
[WhiteElo "2526"]
[BlackElo "2612"]
[Annotator "RC"]
[PlyCount "232"]
[EventDate "2022.??.??"]
[TimeControl "60"]

1. e4 e5 2. Nf3 Nc6 3. Bb5 Nf6 4. d3 Bc5 5. Bxc6 dxc6 6. O-O Qe7 7. Bg5 h6 8. Bh4 Bg4 9. Nbd2 O-O-O 10. h3 Bh5 11. Bg3 Nd7 12. c3 Bd6 13. Re1 f6 14. Qc2 g5 15. d4 g4 16. hxg4 Bxg4 17. Nh4 Rdg8 18. Nc4 h5 19. Qd3 Rg5 20. Qe3 Rhg8 21. f4 exf4 22. Nxd6+ cxd6 23. Bxf4 R5g7 24. Bh6 Rh7 25. Rf1 Qe6 26. Bf4 Nb6 27. b3 d5 28.
Bh2 dxe4 29. Qf4 Kd8 30. Rae1 Nd5 31. Qb8+ Qc8 32. Qxa7 f5 33. c4 Ne7 34. Bd6 Ke8 35. Qc5 Qe6 36. Bxe7 Rxe7 37. Nxf5 Bxf5 38. Qxf5 h4 39. Qxe6 Rxe6 40. Rf4 Reg6 41. Kh1 Rxg2 42. Rexe4+ Kd8 43. Rf8+ Rxf8 44. Kxg2 h3+ 45. Kxh3 Rf2 46.
Kg4 Rxa2 47. Kf5 Kd7 48. Ke5 Rh2 49. Rg4 Re2+ 50. Kf4 b6 51.
Rg7+ Kc8 52. Rg3 Kd7 53. Re3 Rd2 54. Ke4 Rb2 55. Rh3 Re2+ 56.
Kd3 Re7 57. Kc3 Rg7 58. Kb4 Rg4 59. Rd3 Kc7 60. Ka4 Rg5 61.
Kb4 Rg4 62. Kc3 Rh4 63. Rg3 Rh7 64. Rg5 Rh3+ 65. Kb4 Rh4 66.
d5 cxd5 67. Rxd5 Kc6 68. Rg5 Rh6 69. Ka4 Rh4 70. Rg6+ Kc7 71.
Re6 Rg4 72. Kb4 Rg3 73. Rh6 Rf3 74. Ka4 Rf4 75. Kb4 Rf3 76.
Rh4 Kc6 77. Ka4 Rf1 78. Rh6+ Kc7 79. b4 Rf5 80. Rh7+ Kc8 81.
Kb3 Rf3+ 82. Kc2 Rg3 83. Re7 Rh3 84. Kd2 Rb3 85. b5 Rh3 86.
Re3 Rh4 87. Kd3 Kc7 88. Re4 Rh7 89. Kd4 Rd7+ 90. Kc3 Rh7 91.
Re5 Rh4 92. Kd3 Rh7 93. Kd4 Rd7+ 94. Ke4 Rh7 95. Re6 Rh4+ 96. Kd5 Rh5+ 97. Re5 Rh7 98. Kd4 Rd7+ 99. Kc3 Rh7 100. Kb4 Rh4 101. Re7+ Kc8 102. Kc3 Rg4 103. Kd3 Rh4 104. Re4 Rh7 105. Kd4 Kc7 106. Kd5 Rd7+ 107. Ke6 Rd1 108. Rf4 Re1+ 109. Kd5 Rd1+ 110. Rd4 Rh1 111. Rf4 Rd1+ 112. Ke5 Re1+ 113. Kd4 Rd1+ 114.
Kc3 Rc1+ 115. Kb3 Rb1+ 116. Kc2 Rh1 1/2-1/2

[Event "44th Chess Olympiad Open 2022"]
[Site "Chennai"]
[Date "2022.07.31"]
[Round "3.9"]
[White "Svane, Rasmus"]
[Black "Dragnev, Valentin"]
[Result "1-0"]
[WhiteElo "2649"]
[BlackElo "2557"]
[Annotator "RC"]
[PlyCount "99"]
[EventDate "2022.??.??"]
[TimeControl "60"]

1. d4 Nf6 2. Nf3 d5 3. c4 e6 4. g3 Be7 5. Bg2 O-O 6. O-O dxc4 7. Qc2 b5 8. a4 Bb7 9. axb5 a6 10. Nc3 axb5 11. Rxa8 Bxa8 12. Nxb5 Bd5 13. Bf4 c5 14. dxc5 Qa5 15. Nc3 Qxc5 16. Be3 Qa5 17. Nxd5 Nxd5 18. Bg5 Bxg5 19. Nxg5 Nf6 20. Ne4 Qe5 21. Nxf6+ gxf6 22. Rd1 Kg7 23. e3 Rc8 24. Rd4 Qa5 25. Rg4+ Kh8 26. Rh4 f5 27. Qd1 Qe5 28. Bb7 Rg8 29. Qd4 Qxd4 30. Rxd4 Kg7 31. Rxc4 Nd7 32. Rc7 Ne5 33. Bc8 Kf6 34. Kf1 Rd8 35. Ke2 Rd6 36. f4 Nd3 37. Bd7 e5 38.
Be8 e4 39. Rxf7+ Ke6 40. Rc7 Nxb2 41. Rxh7 Rd8 42. Bb5 Rb8 43. Bd7+ Kf6 44. Rh6+ Kg7 45. Rc6 Nd3 46. Bxf5 Rb2+ 47. Kf1 Rb1+ 48. Kg2 Rb2+ 49. Kh3 Re2 50. Kg4 1-0

[Event "44th Chess Olympiad Open 2022"]
[Site "Chennai"]
[Date "2022.07.31"]
[Round "3.9"]
[White "Kollars, Dmitrij"]
[Black "Horvath, Dominik"]
[Result "0-1"]
[WhiteElo "2648"]
[BlackElo "2488"]
[Annotator "RC"]
[PlyCount "112"]
[EventDate "2022.??.??"]
[TimeControl "60"]

1. e4 e5 2. Nf3 Nc6 3. Bc4 Nf6 4. d3 Bc5 5. c3 O-O 6. Nbd2 a5 7. O-O d6 8. h3 Ba7 9. Re1 Be6 10. Bb5 Ne7 11. Nf1 c6 12. Ba4 Ng6 13.
d4 Nh5 14. Bc2 Nhf4 15. Ng3 Qd7 16. Nf5 f6 17. Be3 Rfd8 18.
Kh2 Bf7 19. g3 Ne6 20. Qe2 Qc7 21. Rad1 b5 22. d5 Nc5 23. b4 Na4 24. Bxa4 bxa4 25. Bxa7 Rxa7 26. Qe3 cxd5 27. exd5 Rb7 28. a3 Rb5 29. Nd2 axb4 30. cxb4 Qd7 31. Qf3 Bxd5 32. Ne4 Bxe4 33. Qxe4 d5 34. Qg4 d4 35. h4 Rd5 36. h5 Nf8 37. Qe4 Qf7 38. Kg2 R5d7 39. f4 exf4 40.
h6 g5 41. gxf4 Ng6 42. fxg5 fxg5 43. Kg1 d3 44. Rd2 Rf8 45. Rf1 Nf4 46. Ng3 Re7 47. Qc6 Re3 48. Rg2 d2 49. Qc5 Rxg3 50. Rxg3 Nh3+ 51. Kh2 Qxf1 52. Qd5+ Kh8 53. Qd4+ Qf6 54. Rd3 Qxd4 55. Rxd4 g4 56. Kg3 Nf2 0-1

[Event "44th Chess Olympiad Open 2022"]
[Site "Chennai"]
[Date "2022.07.31"]
[Round "3.9"]
[White "Ragger, Markus"]
[Black "Bluebaum, Matthias"]
[Result "1/2-1/2"]
[WhiteElo "2647"]
[BlackElo "2673"]
[Annotator "TA"]
[PlyCount "61"]
[EventDate "2022.??.??"]
[TimeControl "60"]

1. e4 c6 2. d4 d5 3. e5 Bf5 4. h4 h5 5. Bd3 Bxd3 6. Qxd3 e6 {
[%emt 0:00:17] The position is equal.} 7. Bg5 {[%emt 0:01:43] B12: Caro-Kann:
Advance Variation.} Qb6 8. Nd2 {[%emt 0:00:22] Active counter
play!} c5 9. c4 Qxb2 10. Rd1
{[%emt 0:00:15] Black must now prevent cxd5.} Nc6 11. Ne2 {[%emt 0:01:20] [#] cxd5 is the strong threat.} Nb4 12. Qf3 Nc2+ $1 (12... cxd4
13. O-O $16 (13. Rb1 Qa3 $11)) 13. Kf1 Nxd4 14. Nxd4 Qxd4 15. Qb3 {[%emt 0:03:40][%cal
Rb3b5] [#]} Be7 {[%emt 0:02:06] And now ...Bxg5 would win.} 16. cxd5 ({Of course not} 16. Qxb7 Rd8 17. cxd5 Qxd5 18. Qxd5 exd5 $17) 16...
exd5 (16... Bxg5 $2 17. Nc4 (17. dxe6 O-O-O $11) 17... Qg4 18.
f3 $18 (18. hxg5 Kf8 $18)) 17. Qxb7 Rd8 18.
Re1 {[%emt 0:02:23][%cal Yd1e1,Ye1b1,Yb1b8] [#]} Qb4 $146 ({
Predecessor:} 18... Bxg5 19. hxg5 Ne7 20. e6 fxe6 21. Nf3 Qc4+ 22. Kg1 d4 23.
Rh4 Qd5 24. Qb5+ Nc6 {½-½ (32) Caron,S (2411)-Latronico, N (2439) ICCF email
2021}) 19. Qxa7 Rh6 20. Rb1 Qd4 21. Kg1 Re6 {[%emt 0:14:49] Hoping for ..
.Bxg5.} 22. Nf3 Qc4 23. Rb8 {[%emt 0:07:45]
Threatens to win with Rh3.} Bxg5 $1 24. Nxg5 Qc1+ 25. Kh2 Qf4+ 26. Kg1 Qc1+ 27. Kh2 {[%emt 0:00:10][%csl Gg5][%cal Ra7f7] The board is on fire.} Qf4+ 28. Kg1 Qc1+ 29. Kh2 Qf4+ 30. Kg1 Qc1+ 31. Kh2 {[%emt 0:00:40] An even fight not
without its subleties. Weighted Error Value: White=0.01 (flawless) /Black=0.00
(flawless)} 1/2-1/2

[Event "44th Chess Olympiad Open 2022"]
[Site "Chennai"]
[Date "2022.07.31"]
[Round "3.9"]
[White "Blohberger, Felix"]
[Black "Nisipeanu, Liviu-Dieter"]
[Result "1-0"]
[WhiteElo "2492"]
[BlackElo "2642"]
[Annotator "RC"]
[PlyCount "61"]
[EventDate "2022.??.??"]
[TimeControl "60"]

1. e4 c6 2. d4 d5 3. e5 Bf5 4. h4 h6 5. Bd3 Bxd3 6. Qxd3 e6 7. Nd2 c5 8. c3 Ne7 9. Ne2 Nec6 10. Nf3 cxd4 11. cxd4 Qa5+ 12. Kf1 Qa6 13. Qd1 Nd7 14. Kg1 Be7 15. h5 O-O-O 16. Rh3 Kb8 17. Rg3 Rhg8 18. Be3 Rc8 19. Nf4 Nb6 20. Qb1 Nb4 21. Qh7 Nc2 22. Rc1 Nxe3 23. Rxc8+ Rxc8 24. fxe3 Bf8 25. Qg8 Nc4 26. Qxf7 Nxe3 27. Nxe6 Qf1+ 28. Kh2 a6 29. Nxf8 Rc2 30. Nd7+ Ka7 31. Qg6 1-0

[Event "44th Chess Olympiad Open 2022"]
[Site "Chennai"]
[Date "2022.07.31"]
[Round "3.10"]
[White "Adams, Michael"]
[Black "Laurusas, Tomas"]
[Result "1/2-1/2"]
[WhiteElo "2696"]
[BlackElo "2561"]
[Annotator "TA"]
[PlyCount "74"]
[EventDate "2022.??.??"]
[TimeControl "60"]

1. e4 e5 2. Nf3 Nf6 3. Nxe5 d6 4. Nf3 Nxe4 5. d4 d5 6. Bd3 Nc6 7. O-O Be7 8. Nbd2 Nxd2 9. Bxd2 Bg4 10. c3 O-O {[%emt 0:12:26] C42: Petroff Defence: 3
Nxe5 and unusual White 3rd moves.} 11. Bf4 Bd6 12. Bg3 Qf6 {[%emt 0:10:37] The position is equal.} 13. Re1 Rae8 14. Rxe8 (14. Bxd6 {
is interesting.} Rxe1+ 15. Qxe1 Qxd6 16. Nh4) 14... Rxe8 15.
Bxd6 Bxf3 16. Qxf3 Qxd6 {
[%emt 0:01:45] [#]} 17. h4 $146 ({Predecessor:} 17. a4 g6 18.
a5 a6 19. g3 Qd7 {½-½ (20) Mannermaa,J (2495) -Matheis,T (2414) ICCF email
2009}) 17... Nb8 18. g3 c6 19. c4 Nd7 20. cxd5 cxd5 ({But not} 20... Qxd5 21. Qxd5 cxd5 22. Bb5 $16) 21. Rc1 Nf6 22. Bb5 Rf8 23. Qa3 {[%emt 0:04:47] Against Qb4} Qb6 24. Qc5 Qa5 25. a4 Qd2 26. Qc3 Qh6 27. Bd3 Qh5 28. Kg2 {[%emt 0:00:00] White is more
active.} Qg4 29. a5 g6 30.
Re1 Rc8 31. Qb3 (31. Qb4 $16) 31... Nh5 32. Bf1 Qxd4 33. Qxb7 Rc2 34. Qb8+ Kg7 $132 {[%emt 0:00:01] Black is not
keeping still} 35. Qe5+ Qxe5 36. Re4 $2 {
[%emt 0:00:01] [#]} (36. Rxe5 $11 Rxb2 37. Rxd5 (37. Re7 Nf6 $15)) 36... Qf4
37. Rxf4 $19 Rxb2 $2 {[%emt 0:04:44] Weighted Error Value:
White=0.32/Black=0.35} (37... Nxf4+ $19 38. gxf4 Rxb2) 1/2-1/2

[Event "44th Chess Olympiad Open 2022"]
[Site "Chennai"]
[Date "2022.07.31"]
[Round "3.10"]
[White "Howell, David W L"]
[Black "Juksta, Karolis"]
[Result "1-0"]
[WhiteElo "2650"]
[BlackElo "2412"]
[Annotator "TA"]
[PlyCount "65"]
[EventDate "2022.??.??"]
[TimeControl "60"]

1. e4 e6 2. d4 d5 3. Nd2 c5 4. Ngf3 Nc6 5. exd5 exd5 6. Bb5 Qe7+ {[%emt 0:00:14] outshines the
older 6...Bd6.} 7. Be2 Qc7 {[%emt 0:00:22] C09: French
Tarrasch: 3...c5 4 exd5 exd5 5 Ngf3 Nc6.} 8. O-O Nf6 9. Re1 Be6 {[%emt 0:01:09] The position is equal.} 10.
Bb5 Bd6 {[%emt 0:19:39] [#]} 11. Nb3 $146 ({
Predecessor:} 11. dxc5 Bxc5 12. Nb3 Bb6 13. c4 dxc4 14. Bxc4 O-O 15. Bxe6 fxe6
16. Qe2 e5 17. Be3 Bxe3 {½-½ (30) Safarli,E (2608)-Nikolaidis,I (2545)
Patras 2019}) 11... c4 12. Nc5 Bxc5 13. dxc5 O-O 14. Bxc6 (14. b3 {keeps more tension.} Ne4 15. bxc4 Rad8 16. Qe2) 14... Qxc6 15. Nd4 Qxc5 16. Rxe6 fxe6 17. Nxe6 Qb6 18. Nxf8 Rxf8 19. Be3 Qxb2 20. Bxa7 Qb5 21. Bd4 Qd7 22. Qe1 Ne4 23. Qa5 Qf7 (23... Ng5 $11)
24. f3 $14 Ng5 25. Re1 h6 26. c3 {[%emt 0:07:11] White is more active.} Kh7 27. Qb5 Ra8 $2 {[%emt 0:09:05] [#] A mistake
that costs the game.} (27... Qg6 $11 28. Kh1 Ne6) 28. h4 $1 $18 Nxf3+ 29. gxf3 Qxf3 {[%emt 0:00:00] ( -> ..
.Qg3+)} (29... Qg6+ $2 30. Kh1 Qg3 31. Qb1+ Kg8 32. Re2 Qxf3+ 33. Rg2) 30. Qb1+ (30. Qxb7 Qg3+ 31. Kh1 Qxe1+ 32. Kh2 Rxa2+) 30... Qd3 31. h5 {[%emt 0:03:22] aiming for Rd1.} b5 (
31... Kg8 {might work better.} 32. Qxd3 (32. Qxb7 {gets mated.} Qg3+ 33. Kh1
Qxe1+ 34. Bg1 Qe4+ 35. Kh2 Qh4+ 36. Kg2 Rxa2+) 32... cxd3) 32. Qxd3+ cxd3 33. Re7 {[%emt 0:00:31] Weighted Error Value:
White=0.03 (flawless) /Black=0.40} 1-0

[Event "44th Chess Olympiad Open 2022"]
[Site "Chennai"]
[Date "2022.07.31"]
[Round "3.10"]
[White "Pultinevicius, Paulius"]
[Black "Jones, Gawain C B"]
[Result "1/2-1/2"]
[WhiteElo "2539"]
[BlackElo "2652"]
[Annotator "TA"]
[PlyCount "80"]
[EventDate "2022.??.??"]
[TimeControl "60"]

1. d4 Nf6 2. c4 e6 3. g3 d5 4. Nf3 dxc4 5. Bg2 c6 6. a4 {[%emt 0:04:41] E04: Open Catalan:
5 Nf3.} Bb4+ 7. Bd2 a5 8.
Qc2 {[%emt 0:19:22] White has an edge.} O-O 9. Qxc4 Bxd2+ 10. Nbxd2 b6 11. Qc2 Bb7 12. O-O {[%emt 0:01:21][%cal
Yh1f1,Yf1d1,Yd1d4] [#]} Nbd7 $146 ({Predecessor:} 12... Na6
13. Nc4 Nb4 14. Qd2 Rc8 15. Rfd1 Qc7 16. Rac1 Na2 17. Ra1 Nb4 18. Rac1 Na2 19.
Ra1 {½-½ (19) Sargsyan,S (2618)-Ter Sahakyan,S (2644) Jermuk 2021}) 13. Rfd1 c5 14. Nc4 cxd4 15. Rxd4 (15. Nxd4 $5 Bxg2 16. Kxg2 $14)
15... Qc7 16. b3 Nc5 17. Rc1
{[%emt 0:02:10][%cal Yc4b6] Nxb6! is the strong threat.} (17. Ne1 {is more
complex.} Bxg2 18. Kxg2 Rfd8 19. Rxd8+ Rxd8 20. Rc1) 17... Be4 18. Qb2 Rad8 19. Qa3 Rxd4 20. Nxd4 Bxg2 21. Kxg2 {[%emt 0:00:05][%cal Yc4b6] With the idea Nxb6!} Qd8 22. Nf3 {[%emt 0:03:24][%cal Yc4a5] Black must now prevent
Nxa5!} (22. Nb5 $5 ) 22... Nce4 (22... Nfd7 $11)
23. Nce5 (23. Nfe5 $14) 23... Nd5 $11 {[%emt 0:03:09] The
position is equal.} 24. Nc6 Qa8 25. Ne7+ Nxe7 26. Qxe7 Nc5 27. Qc7 Qd8 28. Qxd8 (28. Qc6 {is interesting.} Qb8 29. Qb5 h6 30. Nd2) 28... Rxd8 {[%emt 0:00:04]
Endgame KRN-KRN} 29. Rb1 f6 30. Kf1 Kf7 31. b4 Nxa4 {[%emt 0:01:13] And
now ...Nc3 would win.} 32. bxa5 bxa5 33. Ra1 Nc3 {[%emt 0:00:00] Hoping for ...a4.} 34. Rxa5 Rd1+ 35. Ne1 Rd2 36.
Ra7+ Kg6 37. Re7 Rxe2 38. Rc7 Nd5 {[%emt 0:00:05] [#] Strongly
threatening ...Rxe1+.} 39. Rxg7+ $1 Kxg7 40.
Kxe2 e5 {[%emt 0:02:09] Weighted Error Value: White=0.08 
(flawless) /Black=0.07 (flawless)} 1/2-1/2

[Event "44th Chess Olympiad Open 2022"]
[Site "Chennai"]
[Date "2022.07.31"]
[Round "3.10"]
[White "Stremavicius, Titas"]
[Black "McShane, Luke J"]
[Result "1/2-1/2"]
[WhiteElo "2532"]
[BlackElo "2649"]
[Annotator "RC"]
[PlyCount "108"]
[EventDate "2022.??.??"]
[TimeControl "60"]

1. c4 e5 2. Nc3 Nf6 3. Nf3 Nc6 4. e3 Be7 5. a3 O-O 6. b4 d5 7. cxd5 Nxd5 8. Qc2 Nxc3 9. dxc3 Qd6 10. Bb2 Qg6 11. Qxg6 hxg6 12. Bd3 Be6 13. O-O-O g5 14. Be4 f6 15. h3 a5 16. Bd5 Kf7 17. e4 Nd8 18.
h4 Bxd5 19. Rxd5 Rh8 20. Rdd1 gxh4 21. Rxh4 Ne6 22. Rxh8 Rxh8 23. Kc2 Bd6 24. Bc1 Ke7 25. Kb3 b5 26. g3 g5 27. Be3 c5 28. Ra1 Ra8 29. Rh1 axb4 30. Rh7+ Ke8 31. axb4 cxb4 32. cxb4 Ra4 33. Bd2 g4 34. Nh2 Nd4+ 35. Kb2 Bxb4 36. Bxb4 Rxb4+ 37. Ka2 Ra4+ 38. Kb2 Rb4+ 39. Ka2 Ne2 40. Nxg4 Nc3+ 41. Ka3 Ra4+ 42. Kb2 Nxe4 43. f3 Nxg3 44. Nxf6+ Kd8 45. Rd7+ Kc8 46. Rd5 Rf4 47. Ne4 Nxe4 48. fxe4 Rxe4 49. Rxb5 Kd7 50. Kc3 Ke6 51. Kd3 Kf5 52. Rb8 Rd4+ 53. Ke3 Re4+ 54. Kd3 Rd4+ 1/2-1/2

[Event "44th Chess Olympiad Open 2022"]
[Site "Chennai"]
[Date "2022.07.31"]
[Round "3.11"]
[White "Nihal Sarin"]
[Black "Bogner, Sebastian"]
[Result "1-0"]
[WhiteElo "2651"]
[BlackElo "2545"]
[Annotator "TA"]
[PlyCount "53"]
[EventDate "2022.??.??"]
[TimeControl "60"]

1. d4 Nf6 2. c4 e6 3. Nf3 d5 4. g3 Be7 5. Bg2 O-O 6. Qd3 {[%emt 0:00:03] E06:
Closed Catalan: Early deviations.} Nbd7 7. O-O b6 {[%emt 0:07:11] was the old line (7...c6).} 8. cxd5 {[%emt 0:01:07] The
position is equal.} exd5 9. Nc3 Bb7 10. Bf4 Nh5 {[%emt 0:04:35] [#]} 11. Rad1 $146 ({Predecessor:} 11. Bd2 Nhf6 12. Rac1 Re8 13. Rfd1 c5 14. Bf4
Ne4 15. Ne5 cxd4 16. Nxe4 Nxe5 17. Qxd4 {½-½ (24) Oparin,G (2613)-Van
Foreest,L (2515) Skopje 2019}) 11... Nxf4 12. gxf4 Re8 13. Ne5 Nf6 14.
e3 c6 15. Kh1 Bd6 16. Bf3 c5 17. Rg1 Qe7 (17... cxd4 $11 18. Qxd4 g6) 18.
Ng4 $14 Nxg4 19. Rxg4 Rad8 20. Rdg1 g6 21. Bxd5 (21. Rg5 $14) 21... Bxd5+ $11 22. Nxd5 Qe6 23. Rg5 cxd4 (23... Kf8 $1 $11 24. Nc3 cxd4 25. Qxd4 f6) 24. e4 $16 {[%emt 0:01:05]
[%cal Ye3e4,Ye4f5,Yf5g6] Threatens to win with f5. White is more active.} (24.
exd4 Kf8 25. Nc3 Bxf4 $17) 24... f5 {[%emt 0:01:33] [#]} (24... Qxe4+ $2 25.
Qxe4 Rxe4 26. Nf6+ Kh8 27. Nxe4 $18) ({Better is} 24... Kh8) 25. f3 $1 ({Stronger than} 25. Re1 Bb8 26. Rd1 fxe4 27. Qxd4
Bxf4 $17) 25... Rf8 {[%emt 0:00:00] [#]} (25... fxe4 26. fxe4 Bxf4 27. Nxf4
Qxe4+ 28. Qxe4 Rxe4) 26. exf5 $1 $18 Qxd5 27.
fxg6 {[%emt 0:00:06] Weighted Error Value: White=0.06 (flawless) / Black=0.17 
(very precise)} 1-0

[Event "44th Chess Olympiad Open 2022"]
[Site "Chennai"]
[Date "2022.07.31"]
[Round "3.11"]
[White "Sadhwani, Raunak"]
[Black "Baenziger, Fabian"]
[Result "1-0"]
[WhiteElo "2611"]
[BlackElo "2451"]
[Annotator "RC"]
[PlyCount "75"]
[EventDate "2022.??.??"]
[TimeControl "60"]

1. e4 e5 2. Nf3 Nc6 3. Bc4 Nf6 4. d3 Bc5 5. a4 a5 6. Be3 Bxe3 7. fxe3 d5 8. exd5 Nxd5 9. Qd2 f6 10. Qf2 Be6 11. e4 Nf4 12. g3 Nh3 13.
Qc5 Qe7 14. Qxe7+ Kxe7 15. Bxe6 Kxe6 16. c3 Rhf8 17. Ke2 f5 18. exf5+ Rxf5 19. Nbd2 Raf8 20. Rhf1 g5 21. Ne4 g4 22. Nfd2 b6 23. Rxf5 Rxf5 24. Nc4 h5 25. Ne3 Rf8 26. Rc1 Ne7 27. b4 axb4 28. cxb4 Ra8 29. Rxc7 Rxa4 30. Rb7 Ra2+ 31. Ke1 Ng1 32. Rxb6+ Kf7 33. Kd1 Rxh2 34. b5 Re2 35. Rf6+ Kg7 36. Re6 Rxe3 37. Rxe7+ Kf8 38. Rd7 1-0